 Dungeon Crawl Stone Soup version 0.32-a0-119-g2e8054a333 (webtiles) character file.

Game seed: 10855045371974266397

11212 kae the Martial Artist (level 11, -2/87 HPs)
             Began as a Demonspawn Shapeshifter on Feb 6, 2024.
             Was a Believer of Wu Jian.
             Killed by divine providence
             ... invoked by an orc priest
              (14 damage)
             ... on level 10 of the Dungeon.
             The game lasted 00:12:07 (9448 turns).

kae the Martial Artist (Demonspawn Shapeshifter)    Turns: 9448, Time: 00:12:07

Health: -2/87      AC: 10    Str: 14    XL:     11   Next: 46%
Magic:  11/11      EV: 18    Int: 11    God:    Wu Jian [**....]
Gold:   1359       SH:  0    Dex: 17    Spells: 10/10 levels left

rFire   . .          .
                       - Unarmed
rCold   . . .        (no shield)
rNeg    . . .        a - melded +1 animal skin
rPois   +            K - +2 hat {Stlth+}
rElec   +            (no cloak)
rCorr   .            (no gloves)
SInv    .            (no boots)
Will    .....        q - amulet of Ehinygg {Acrobat rElec rPois}
Stlth   +++          O - +4 ring of protection
HPRegen 0.34/turn    o - +4 ring of protection
MPRegen 0.12/turn

%: acrobat
@: agile, lethally poisoned (-2 -> -4), maw-form, studying Fighting
A: devouring maw, claws 2, hooves 2, ignite blood 1, powered by pain 2, weakness
stinger 2
a: Begin Untransformation, Renounce Religion, Wall Jump


You were on level 10 of the Dungeon.
You worshipped Wu Jian.
Wu Jian was pleased with you.
You were a creature with a mouth for a stomach.
You visited 2 branches of the dungeon, and saw 11 of its levels.

You collected 1359 gold pieces.


Innate Abilities, Weirdness & Mutations

You are a creature with a mouth for a stomach.
Your midsection houses a second, enormous mouth.
You have very sharp fingernails.
You have hoof-like feet.
Your demonic aura sometimes causes spilled blood to erupt in flames.
You sometimes gain power by taking damage.
You have a tail ending in a sharp stinger.


   Skills:
 + Level 8.8 Fighting
 + Level 3.3 Dodging
 * Level 10.9 Unarmed Combat
 * Level 10.1 Shapeshifting


You had 10 spell levels left.
You didn't know any spells.
Your spell library contained the following spells:

 Spells                   Type           Power      Damage    Failure   Level
 Magic Dart               Conj           0%         1d3       34%         1
 Necrotise                Necr           0%         1d4       34%         1
 Blink                    Tloc           0%         N/A       47%         2
 Call Imp                 Summ           0%         N/A       47%         2
 Ensorcelled Hibernation  Hex/Ice        0%         N/A       47%         2
 Frozen Ramparts          Ice            0%         1d1       71%         3
 Passwall                 Erth           0%         N/A       71%         3
 Swiftness                Air            0%         N/A       71%         3
 Vampiric Draining        Necr           0%         2d6       71%         3
 Animate Dead             Necr           0%         N/A       98%         4
 Leda's Liquefaction      Alch/Erth      0%         N/A       98%         4
 Martyr's Knell           Necr/Summ      0%         N/A       98%         4
 Petrify                  Alch/Erth      0%         N/A       98%         4
 Borgnjor's Vile Clutch   Necr/Erth      0%         N/A       100%        5
 Curse of Agony           Necr           0%         N/A       100%        5
 Metabolic Englaciation   Hex/Ice        0%         N/A       100%        5
 Conjure Ball Lightning   Conj/Air       0%         3x3d6     100%        6
 Death Channel            Necr           0%         N/A       100%        6
 Discord                  Hex            0%         N/A       100%        8
 Disjunction              Tloc           0%         N/A       100%        8

Inventory:

Missiles
 e - 89 stones (quivered)
 f - 7 poisoned darts
 m - 6 datura-tipped darts
 n - 6 boomerangs
 p - 2 curare-tipped darts {=f}
 s - 5 atropa-tipped darts
 A - 2 throwing nets {=f!f}
Armour
 a - a +1 animal skin (melded)
 w - a +0 pair of gloves
   (You found it on level 3 of the Dungeon)
 K - a +2 hat of stealth (worn)
   (You took it off Gastronok on level 8 of the Dungeon)
Magical Staves
 y - a staff of fire {!a}
   (You found it on level 3 of the Dungeon)
Jewellery
 o - a +4 ring of protection (right claw)
   (You found it on level 3 of the Dungeon)
 q - the amulet of Ehinygg (around neck) {Acrobat rElec rPois}
   (You acquired it on level 5 of the Dungeon)

   [amulet of the acrobat]

   Acrobat:   It increases your evasion while moving and waiting.
   rElec:     It insulates you from electricity.
   rPois:     It protects you from poison
 F - a ring of fire
   (You found it on level 6 of the Dungeon)
 L - a ring of willpower
   (You found it on level 8 of the Dungeon)
 N - the ring of the Magpie {Fly rElec rPois Will- Int+5}
   (You found it on level 8 of the Dungeon)

   [ring of flight]

   Int+5:     It affects your intelligence (+5).
   rElec:     It insulates you from electricity.
   rPois:     It protects you from poison Will-: It decreases your willpower.
   Fly:       It grants you flight.
 O - a +4 ring of protection (left claw)
   (You found it on level 1 of the Dungeon)
 P - a ring of willpower
   (You found it on level 8 of the Dungeon)
Talismans
 c - a beast talisman
 d - a flux talisman
 j - a talisman of death
   (You found it on level 1 of the Dungeon)
 t - a maw talisman (active)
   (You found it on level 3 of the Dungeon)
 u - a blade talisman
   (You found it on level 7 of the Dungeon)
Wands
 G - a wand of paralysis (12)
   (You found it on level 7 of the Dungeon)
 H - a wand of flame (11)
   (You found it on level 7 of the Dungeon)
Scrolls
 l - a scroll of immolation {!r!r}
 z - 4 scrolls of fear
 C - a scroll of revelation
 E - 2 scrolls of teleportation {@r4}
 I - a scroll of vulnerability {!r!r}
Potions
 b - 4 potions of lignification {!q}
 g - 4 potions of enlightenment
 h - 7 potions of curing {@q1}
 i - 2 potions of might
 k - a potion of ambrosia
 r - a potion of cancellation
 x - a potion of haste {@q3}
 B - a potion of attraction {!q}
 D - a potion of brilliance
 Q - a potion of invisibility

Dungeon Overview and Level Annotations

Branches:
Dungeon (10/15) Zot: 26890  Temple (1/1) D:7 Zot: 5946
   Lair: D:8-11         Orc: D:9-12

Altars:
Ashenzari
Cheibriados
Dithmenos
Fedhas
Hepliaklqana
Kikubaaqudgha
Makhleb
Nemelex Xobeh
Okawaru
Qazlal
Ru
Sif Muna
Trog
Uskayaw
Vehumet
Wu Jian
Xom
Yredelemnul

Shops:
D:9 *

Annotations:
D:2 1 runed translucent door, Crazy Yiuf
D:3 exclusion: goblin

##......>........... .
#.....>.>..........
..###...........!......
.........()....).......
................[......
..............†.###.....
.......)..).oo..# ....~
!.......).).YoY.###....~
........###.oWo........S
........# #.)...........
........###.............
.~~~....................
.~≈~....................
~~~....................
.........~~~........
.........~≈~........
.........~~~.......


You could see 2 yaks, 2 orc priests and 3 orcs.


Message History

The yak misses you. 😨 HP[-10]
You take 10 damage, and now have 28/87 hp.
You mangle the yak!! You kick the yak, but do no damage.
Your tail-slap misses the yak.
You bite the yak.
The orc priest looks satisfied for a moment.
The yak misses you. The yak completely misses you. The yak misses you.
The yak barely misses you.
The yak misses you. 😨 HP[+1] Unknown command.
You are too confused!
You feel better.
The yak is engulfed in blazing flames.
The yak closely misses you. x2; The yak gores you.
* * * LOW HITPOINT WARNING * * *
The yak gores you but does no damage. 😨 HP[+8]
You regained 8 hp, and now have 37/87 hp.
You mangle the yak!!
You devour half of the yak!
You feel better.
You kill the yak!
The Council accepts your kill.
The orc priest begins to cast a cantrip, but forgets the words!
The yak barely misses you. x2 😮 HP[+11]
You regained 11 hp, and now have 48/87 hp.
Unknown command.
You claw the yak! You kick the yak. You tail-slap the yak.
You devour half of the yak!
You feel better.
You kill the yak!
The Council accepts your kill. The yak gores you but does no damage.
The yak completely misses you. 😮 HP[+11]
You regained 11 hp, and now have 59/87 hp.
Unknown command.
You mangle the yak!!
You kill the yak!
The Council accepts your kill.
The orc priest looks satisfied for a moment.
The yak closely misses you. The yak gores you. The orc misses you.
The yak gores you but does no damage. 😮 HP[-3]
You take 3 damage, and now have 56/87 hp.
You scratch the yak. You kick the yak, but do no damage.
The orc wizard barely misses you. The yak gores you. The yak misses you.
The yak gores you!
* * * LOW HITPOINT WARNING * * *
The orc hits you from afar with a +0 trident of venom.
* * * LOW HITPOINT WARNING * * *
You are poisoned. 😨 HP[-18]
You take 18 damage, and now have 38/87 hp.
MASSIVE DAMAGE!! (PAUSE)
You claw the yak! You bite the yak, but do no damage.
You feel sick.
The orc wizard zaps a wand.
The puff of flame misses you. The yak gores you.
* * * LOW HITPOINT WARNING * * *
The yak completely misses you. The orc barely misses you.
The yak gores you but does no damage. 😨 HP[-5]
You take 5 damage, and now have 33/87 hp.
Unknown command.
You mangle the orc wizard!!
You devour the orc wizard!
You feel better.
You kill the orc wizard!
The Council accepts your kill.
You feel sick.
The orc priest calls down the wrath of Beogh upon you.
Beogh smites you!
* * * LOW HITPOINT WARNING * * *
The orc hits you but does no damage.
The yak completely misses you. x2 😨 HP[-5]
You take 5 damage, and now have 28/87 hp.
Unknown command.
You scratch the yak. Your kick misses the yak.
You feel sick. The orc hits you but does no damage.
The yak closely misses you. 😨 HP[-1]
You take 1 damage, and now have 27/87 hp.
Unknown command.
You scratch the yak. You kick the yak.
You feel sick.
The orc priest mumbles some strange prayers to Beogh against you.
Beogh smites you!
* * * LOW HITPOINT WARNING * * *
The yak closely misses you. The yak completely misses you.
The orc completely misses you. The yak barely misses you. 😱 HP[-14]
You take 14 damage, and now have 13/87 hp.
Unknown command.
You claw the yak!
You kill the yak!
The Council accepts your kill.
You feel sick. The orc misses you. The yak closely misses you.
The orc priest barely misses you. The orc barely misses you.
The yak barely misses you. 😱 HP[-1]
You take 1 damage, and now have 12/87 hp.
Unknown command.
You scratch the orc priest but do no damage.
You bite the orc priest, but do no damage.
You feel sick.
The orc priest calls down the wrath of Beogh upon you.
Beogh smites you!
You die...

Skill      XL: |  1  2  3  4  5  6  7  8  9 10 11 |
---------------+----------------------------------+-----
Unarmed Combat | 3 4 5 6 7 9 10 | 10.9
Shapeshifting  | 3 4 5 6 8 9 10 | 10.1
Fighting       | 2 3 4 5 6 7 8 |  8.8
Dodging        | 2 3 |  3.3

Action                     |  1- 3 |  4- 6 |  7- 9 | 10-12 || total
---------------------------+-------+-------+-------+-------++-------
  Melee: Unarmed           |   113 |   153 |   237 |   189 ||   692
         Punch             |     2 |     4 |     7 |     8 ||    21
         Kick              |       |       |    77 |    71 ||   148
         Tailslap          |       |       |       |    32 ||    32
         Maw               |       |       |       |    39 ||    39
Ability: Lunge             |       |       |     2 |    17 ||    19
         Whirlwind         |       |       |       |     7 ||     7
  Evoke: Wand              |       |       |       |     3 ||     3
    Use: Scroll            |       |    11 |     6 |     8 ||    25
         Potion            |       |       |     1 |     2 ||     3
   Stab: Sleeping          |     1 |     3 |     4 |     2 ||    10
         Paralysed         |       |       |       |     2 ||     2
         Distracted        |       |       |       |     1 ||     1
 Armour: Animal skin       |    52 |    73 |   102 |       ||   227
         Skin              |       |       |    32 |   112 ||   144
  Dodge: Dodged            |    62 |    67 |   176 |   171 ||   476
   Form: Flux              |     1 |       |     1 |       ||     2
         Death             |     1 |       |       |       ||     1
         Beast             |     1 |       |       |       ||     1
         Maw               |       |       |       |     1 ||     1

Levels and vault maps discovered:
D:1:      hellmonk_arrival_library, layout_loops_ring
D:2:      layout_loops_ring, kennysheep_generic_room_8, uniq_crazy_yiuf_cottage
D:3:      wad_crossroads, layout_basic, minmay_goblin_outpost, uniq_jessica,
          uniq_natasha
D:4:      layout_cave_pools, nicolae_titane, uniq_sigmund, uniq_duvessa
D:5:      minmay_diamond_boxcup, layout_loops_ring,
          mainiacjoe_overflow_alcove_1, mainiacjoe_overflow_tiny_flanked,
          uniq_eustachio
D:6:      layout_loops_corners, overflow_temple_1_default,
          nicolae_overflow_hidden_temple
D:7:      layout_basic, nicolae_ru_path_of_blood, temple_statues, serial_curves,
          eino_curves_03, eino_curves_04, chequers_serial_rivers_small_b
D:8:      layout_gridville, nicolae_doodle_vault, uniq_gastronok, uniq_maurice,
          uniq_pikel, uniq_prince_ribbit1
D:9:      layout_long_grid, lemuel_tele_altar, grunt_dithmenos_shadows,
          chequers_temple_overflow_statue_of_worship, serial_rivers,
          chequers_serial_rivers_micro_e, chequers_serial_rivers_small_b,
          chequers_serial_rivers_micro_c, chequers_serial_rivers_marsh,
          chequers_serial_rivers_large_a, chequers_serial_rivers_micro_b,
          hangedman_decor_lopped, guppyfry_shop_venom
D:10:     layout_big_octagon, grunt_gozag_statues, david_orc_3,
          grunt_ministairs_1, minivault_4
Temple:   nicolae_temple_godzebo

Notes
Turn   | Place    | Note
-------+----------+-------------------------------------------
     0 | D:1      | kae the Demonspawn Shapeshifter began the quest for the
                  | Orb.
     0 | D:1      | Reached XP level 1. HP: 15/15 MP: 1/1
     0 | D:1      | magus.rc [v1.11.3]
   105 | D:1      | You feel monstrous as your demonic heritage exerts itself.
   105 | D:1      | Discovered your monstrous ancestry.
   105 | D:1      | Gained mutation: You have sharp fingernails. [demonic
                  | ancestry]
   105 | D:1      | Reached XP level 2. HP: 9/21 MP: 2/2
   108 | D:1      | HP: 5/21 [jackal (2)]
   112 | D:1      | Reached skill level 3 in Unarmed Combat
   115 | D:1      | HP: 2/21 [goblin/+0 dagger (2)]
   175 | D:1      | Reached skill level 3 in Shapeshifting
   360 | D:1      | You pick up a book of Unlife and begin reading...
   360 | D:1      | You add the spells Animate Dead, Borgnjor's Vile Clutch and
                  | Death Channel to your library.
   620 | D:1      | Gained mutation: You sometimes gain a little power by
                  | taking damage. [demonic ancestry]
   620 | D:1      | Reached XP level 3. HP: 19/26 MP: 3/3
  1215 | D:2      | Gained mutation: You sometimes gain power by taking damage.
                  | [demonic ancestry]
  1215 | D:2      | Reached XP level 4. HP: 28/33 MP: 4/4
  1427 | D:2      | Reached skill level 2 in Fighting
  1612 | D:2      | Found a runed translucent door.
  1613 | D:2      | Noticed Crazy Yiuf
  2135 | D:3      | magus.rc [v1.11.3]
  2147 | D:3      | Noticed Jessica
  2162 | D:3      | Killed Jessica
  2269 | D:3      | Gained mutation: Your demonic aura sometimes causes spilled
                  | blood to erupt in flames. [demonic ancestry]
  2269 | D:3      | Reached XP level 5. HP: 38/38 MP: 5/5
  2432 | D:3      | Reached skill level 4 in Unarmed Combat
  2796 | D:3      | Noticed Natasha
  2805 | D:3      | Killed Natasha
  2806 | D:3      | Reached skill level 4 in Shapeshifting
  2849 | D:3      | Noticed Natasha
  2854 | D:3      | Killed Natasha
  2882 | D:3      | You pick up a book of Minor Magic and begin reading...
  2882 | D:3      | You add the spells Magic Dart, Blink and Call Imp to your
                  | library.
  3091 | D:4      | Noticed Dowan
  3121 | D:4      | Gained mutation: You have very sharp fingernails. [demonic
                  | ancestry]
  3121 | D:4      | Reached XP level 6. HP: 34/46 MP: 6/6
  3224 | D:4      | Noticed Duvessa
  3259 | D:4      | Noticed Sigmund
  3266 | D:4      | Reached skill level 3 in Fighting
  3396 | D:4      | Killed Sigmund
  3397 | D:4      | Reached skill level 5 in Unarmed Combat
  3397 | D:4      | Gained mutation: You have large cloven feet. [demonic
                  | ancestry]
  3397 | D:4      | Reached XP level 7. HP: 43/52 MP: 7/7
  3610 | D:4      | Killed Duvessa
  3611 | D:4      | Reached skill level 5 in Shapeshifting
  3615 | D:4      | Killed Dowan
  3947 | D:5      | Entered Level 5 of the Dungeon
  3949 | D:5      | Identified a scroll of acquirement
  3949 | D:5      | Acquired 795 gold pieces
  3956 | D:5      | magus.rc [v1.11.3]
  4058 | D:5      | Noticed Eustachio
  4093 | D:5      | Killed Eustachio
  4142 | D:5      | Reached skill level 4 in Fighting
  4160 | D:5      | Reached skill level 6 in Unarmed Combat
  4160 | D:5      | Gained mutation: You have hoof-like feet. [demonic
                  | ancestry]
  4160 | D:5      | Reached XP level 8. HP: 30/60 MP: 8/8
  4373 | D:5      | Acquired the amulet of Ehinygg {Acrobat rElec rPois}
  4425 | D:5      | Reached skill level 6 in Shapeshifting
  5020 | D:5      | Found an iron altar of Okawaru.
  5030 | D:5      | You pick up a book of Chaos and begin reading...
  5030 | D:5      | You add the spells Conjure Ball Lightning, Disjunction and
                  | Discord to your library.
  5189 | D:6      | Reached skill level 5 in Fighting
  5189 | D:6      | Reached skill level 7 in Unarmed Combat
  5300 | D:6      | Reached XP level 9. HP: 36/68 MP: 9/9
  5488 | D:6      | Found a blossoming altar of Fedhas.
  5660 | D:6      | Found a shimmering altar of Xom.
  5697 | D:6      | You pick up a book of Necromancy and begin reading...
  5697 | D:6      | You add the spells Necrotise, Vampiric Draining, Martyr's
                  | Knell and Curse of Agony to your library.
  5875 | D:6      | Reached skill level 7 in Shapeshifting
  6583 | D:7      | Found a staircase to the Ecumenical Temple.
  6811 | D:7      | Reached skill level 8 in Unarmed Combat
  7001 | D:7      | Found a sacrificial altar of Ru.
  7104 | Temple   | Entered the Ecumenical Temple
  7132 | Temple   | Became a worshipper of the Wu Jian Council
  7422 | D:8      | You pick up a book of Sloth and begin reading...
  7422 | D:8      | You add the spells Frozen Ramparts, Leda's Liquefaction,
                  | Petrify and Metabolic Englaciation to your library.
  7438 | D:8      | Noticed Gastronok
  7438 | D:8      | Noticed Maurice
  7440 | D:8      | Noticed Prince Ribbit
  7455 | D:8      | Killed Maurice
  7456 | D:8      | Reached skill level 6 in Fighting
  7462 | D:8      | Killed Gastronok
  7463 | D:8      | Reached skill level 9 in Unarmed Combat
  7463 | D:8      | Reached skill level 8 in Shapeshifting
  7463 | D:8      | Gained mutation: You have a small tail. [demonic ancestry]
  7463 | D:8      | Reached XP level 10. HP: 45/77 MP: 6/10
  7465 | D:8      | Killed Prince Ribbit
  7465 | D:8      | Noticed Pikel
  7473 | D:8      | Killed Pikel
  7797 | D:8      | Noticed a boulder beetle
  7811 | D:8      | Killed a boulder beetle
  7812 | D:8      | Reached skill level 7 in Fighting
  7894 | D:8      | Noticed a cyclops
  7899 | D:8      | Killed a cyclops
  7900 | D:8      | Reached skill level 9 in Shapeshifting
  7927 | D:8      | Reached skill level 10 in Unarmed Combat
  7957 | D:8      | Identified the ring of the Magpie {Fly rElec rPois Will-
                  | Int+5}
  8141 | D:8      | Acquired a manual of Fighting
  8195 | D:9      | HP: 13/69 [wight/+1 trident (10)]
  8197 | D:9      | HP: 3/69 [wight/+1 trident (4)]
  8198 | D:9      | Reached skill level 2 in Dodging
  8202 | D:8      | Reached * piety under Wu Jian
  8322 | D:8      | Noticed a two-headed ogre
  8331 | D:8      | Killed a two-headed ogre
  8473 | D:9      | Gained mutation: You have a tail ending in a sharp stinger.
                  | [demonic ancestry]
  8473 | D:9      | Reached XP level 11. HP: 68/86 MP: 11/11
  8527 | D:9      | You pick up a book of Burglary and begin reading...
  8527 | D:9      | You add the spells Ensorcelled Hibernation, Swiftness and
                  | Passwall to your library.
  8597 | D:9      | Found Zoidix's Serpentskin Sales.
  8720 | D:9      | Found a sparkling altar of Nemelex Xobeh.
  8818 | D:9      | Reached skill level 8 in Fighting
  9114 | D:9      | Found a shadowy altar of Dithmenos.
  9190 | D:9      | Found a radiant altar of Vehumet.
  9328 | D:10     | Entered Level 10 of the Dungeon
  9398 | D:10     | Reached ** piety under Wu Jian
  9411 | D:10     | Reached skill level 3 in Dodging
  9422 | D:10     | Reached skill level 10 in Shapeshifting
  9446 | D:10     | HP: 13/87 [orc priest/divine providence (13)]
  9448 | D:10     | Killed from afar by an orc priest

Vanquished Creatures
  Gastronok (D:8)
  A two-headed ogre (D:8)
  A boulder beetle (D:8)
  Pikel (D:8)
  A cyclops (D:8)
  Maurice (D:8)
  Prince Ribbit (D:8)
  A shadow (D:9)
  Sigmund (D:4)
  15 yaks
  2 wyverns
  Eustachio (D:5)
  A warg (D:10)
  A steam dragon (D:6)
  An acid dragon (D:10)
  2 water moccasins (D:8)
  Duvessa (D:4)
  2 sky beasts
  A black bear (D:6)
  3 ice beasts
  2 orc warriors
  4 centaurs
  2 lemures (D:8)
  3 kobold brigands
  2 bullfrogs
  A scorpion (D:4)
  Dowan (D:4)
  21 wights
  8 killer bees
  4 howler monkeys
  2 bombardier beetles
  2 jellies
  3 hounds
  4 orc priests
  A gnoll bouda (D:5)
  Jessica (D:3)
  Natasha (twice) (D:3)
  3 iguanas
  8 orc wizards
  7 gnolls
  10 adders
  A shadow imp (D:5)
  5 white imps
  3 dart slugs
  4 ribbon worms
  19 orcs
  6 bats
  12 endoplasms
  7 giant cockroaches
  19 goblins
  8 hobgoblins
  2 jackals (D:1)
  6 quokkas
  4 ball pythons
  6 frilled lizards
  11 kobolds
  4 rats
247 creatures vanquished.

Table legend:
 A = Non-vault XP
 B = Vault XP
 C = Vault XP percentage of total XP
 D = Non-vault monster count
 E = Vault monster count
 F = Vault count percentage of total count
                 A         B        C        D         E       F
            +---------+---------+-------+---------+---------+-------
      Total |    7628 |    8390 |  52.4 |     192 |      53 |  21.6
            +---------+---------+-------+---------+---------+-------
        D:1 |      58 |       0 |   0.0 |      33 |       0 |   0.0
        D:2 |      62 |       2 |   3.1 |      19 |       1 |   5.0
        D:3 |     136 |      99 |  42.1 |      23 |      15 |  39.5
        D:4 |     207 |     434 |  67.7 |      11 |       3 |  21.4
        D:5 |     574 |     661 |  53.5 |      18 |       9 |  33.3
        D:6 |    1179 |       0 |   0.0 |      23 |       0 |   0.0
        D:7 |     450 |       0 |   0.0 |       8 |       0 |   0.0
        D:8 |     461 |    6051 |  92.9 |       6 |      17 |  73.9
        D:9 |    1712 |     241 |  12.3 |      29 |       2 |   6.5
       D:10 |    2789 |     902 |  24.4 |      22 |       6 |  21.4
            +---------+---------+-------+---------+---------+-------

Skill      XL: |  1  2  3  4  5  6  7  8  9 10 11 |
---------------+----------------------------------+-----
Unarmed Combat | 3 4 5 6 7 9 10 | 10.9
Shapeshifting  | 3 4 5 6 8 9 10 | 10.1
Fighting       | 2 3 4 5 6 7 8 |  8.8
Dodging        | 2 3 |  3.3

Action                     |  1- 3 |  4- 6 |  7- 9 | 10-12 || total
---------------------------+-------+-------+-------+-------++-------
  Melee: Unarmed           |   113 |   153 |   237 |   189 ||   692
         Punch             |     2 |     4 |     7 |     8 ||    21
         Kick              |       |       |    77 |    71 ||   148
         Tailslap          |       |       |       |    32 ||    32
         Maw               |       |       |       |    39 ||    39
Ability: Lunge             |       |       |     2 |    17 ||    19
         Whirlwind         |       |       |       |     7 ||     7
  Evoke: Wand              |       |       |       |     3 ||     3
    Use: Scroll            |       |    11 |     6 |     8 ||    25
         Potion            |       |       |     1 |     2 ||     3
   Stab: Sleeping          |     1 |     3 |     4 |     2 ||    10
         Paralysed         |       |       |       |     2 ||     2
         Distracted        |       |       |       |     1 ||     1
 Armour: Animal skin       |    52 |    73 |   102 |       ||   227
         Skin              |       |       |    32 |   112 ||   144
  Dodge: Dodged            |    62 |    67 |   176 |   171 ||   476
   Form: Flux              |     1 |       |     1 |       ||     2
         Death             |     1 |       |       |       ||     1
         Beast             |     1 |       |       |       ||     1
         Maw               |       |       |       |     1 ||     1

Illustrated notes

Table legend:
 A = Kills in this place as a percentage of kills in the entire game.
 B = Kills by you in this place as a percentage of kills by you in the entire game.
 C = Kills by friends in this place as a percentage of kills by friends in the entire game.
 D = Other kills in this place as a percentage of other kills in the entire game.
 E = Experience gained in this place as a percentage of experience gained in the entire game.
 F = Experience gained in this place divided by the number of levels of this place that you have seen.
                   A       B       C       D       E      F
               +-------+-------+-------+-------+-------+----------------------
         Total | 100.0 | 100.0 |   N/A |   N/A | 100.0 | 1456.2
       Dungeon | 100.0 | 100.0 |   N/A |   N/A | 100.0 | 1601.8
               +-------+-------+-------+-------+-------+----------------------

Table legend: (Time is in decaauts)
 A = Elapsed time spent in this place.
 B = Non-inter-level travel time spent in this place.
 C = Inter-level travel time spent in this place.
 D = Time resting spent in this place.
 E = Time spent auto-exploring this place.
 F = Levels seen in this place.
 G = Mean time per level.
                   A        B        C        D        E       F      G
               +--------+--------+--------+--------+--------+-----+--------+
         Total |   9391 |   8902 |    489 |    390 |   6956 |  11 |  853.7 |
       Dungeon |   9337 |   8873 |    464 |    390 |   6956 |  10 |  933.7 |
        Temple |     53 |     28 |     25 |      0 |      0 |   1 |   53.0 |
               +--------+--------+--------+--------+--------+-----+--------+

Top non-repeatable levels by time:
     D:8: 1221 daAuts
     D:5: 1207 daAuts
     D:3: 1206 daAuts
     D:6: 1146 daAuts
     D:2: 1030 daAuts
     D:1: 1027 daAuts
     D:9: 924 daAuts
     D:7: 796 daAuts
     D:4: 668 daAuts
    D:10: 109 daAuts
  Temple: 53 daAuts
